 Dungeon Crawl Stone Soup version 0.26.0-10-g1f06aea511 (webtiles) character file.

Game seed: 14644320299436657394

5216 Borgoz the Carver (level 10, -20/84 HPs)
             Began as a Ghoul Gladiator on Jan 19, 2021.
             Was a Follower of Makhleb.
             Demolished by a boulder beetle (39 damage)
             ... on level 9 of the Dungeon on Jan 25, 2021.
             The game lasted 00:18:54 (11477 turns).

Borgoz the Carver (Ghoul Gladiator)                Turns: 11477, Time: 00:18:55

Health: -20/84     AC: 11    Str: 19    XL:     10   Next: 61%
Magic:  9/9        EV: 15    Int:  3    God:    Makhleb [*.....]
Gold:   727        SH:  5    Dex: 13    Spells: 9/9 levels left

rFire    . . .     SeeInvis .   a - +3 long sword
rCold    + + .     Faith    .   f - +0 buckler
rNeg     + + +     Spirit   .   m - +2 ring mail {rC+}
rPois    ∞         Reflect  .   c - +0 helmet
rElec    .         Harm     .   i - +0 cloak
rCorr    .         Rampage  .   (no gloves)
Will     .....                  (no boots)
Stlth    ++........             x - amulet of the acrobat
HPRegen  0.00/turn              s - ring of stealth
MPRegen  0.11/turn              (no ring)

@: no status effects
A: claws 1, cold resistance 1, negative energy resistance 3, inhibited
regeneration, torment resistance, unbreathing
a: Renounce Religion


You were on level 9 of the Dungeon.
You worshipped Makhleb.
Makhleb was aware of your devotion.
You visited 2 branches of the dungeon, and saw 11 of its levels.
You also visited: Sewer.

You collected 772 gold pieces.
You spent 45 gold pieces at shops.

Inventory:

Hand Weapons
 a - a +3 long sword (weapon)
Missiles
 d - a throwing net (quivered)
Armour
 c - a +0 helmet (worn)
 f - a +0 buckler (worn)
 i - a +0 cloak (worn)
 m - a +2 ring mail of cold resistance (worn)
Jewellery
 j - an uncursed ring of ice
 s - a ring of stealth (left claw)
 v - an uncursed amulet of faith
 x - an amulet of the acrobat (around neck)
 y - an uncursed amulet of regeneration
Scrolls
 e - 6 scrolls of remove curse
 h - 5 scrolls of teleportation
 n - 4 scrolls of identify
 p - a scroll of fear
 q - a scroll of enchant armour
 r - a scroll of magic mapping
 w - 4 scrolls of blinking
Potions
 b - 3 potions of might
 g - 7 potions of curing
 k - 3 potions of brilliance
 l - 2 potions of flight
 o - 5 potions of heal wounds
 t - a potion of cancellation
 u - 3 potions of haste


   Skills:
 + Level 6.7 Fighting
 * Level 8.2 Long Blades
 - Level 1.7 Throwing
 * Level 6.8 Armour
 * Level 7.4 Dodging
 + Level 3.8 Shields


You had 9 spell levels left.
You didn't know any spells.
Your spell library contained the following spells:

 Spells                   Type           Power        Failure   Level
 Corona                   Hex            0%           71%         1
 Ensorcelled Hibernation  Hex/Ice        0%           83%         2
 Confusing Touch          Hex            0%           97%         3
 Dazzling Flash           Conj/Hex       0%           97%         3
 Tukima's Dance           Hex            0%           97%         3
 Beastly Appendage        Tmut           Unusable     N/A         1
 Wereblood                Tmut           Unusable     N/A         2
 Spider Form              Tmut/Pois      Unusable     N/A         3
 Ice Form                 Ice/Tmut       Unusable     N/A         4
 Blade Hands              Tmut           Unusable     N/A         5

Dungeon Overview and Level Annotations

Branches:
Dungeon (10/15)            Temple (1/1) D:7            Lair (0/6) D:9
  Sewer (visited)
    Orc: D:9-12

Altars:
Ashenzari
Cheibriados
Dithmenos
Elyvilon
Fedhas
Gozag
Hepliaklqana
Kikubaaqudgha
Makhleb
Nemelex Xobeh
Okawaru
Qazlal
Ru
Sif Muna
Trog
Uskayaw
Vehumet
Wu Jian
Xom
Yredelemnul
Zin
The Shining One

Shops:
D:4 (   D:6 ?

Annotations:
D:10 Nergalle


Innate Abilities, Weirdness & Mutations

You thrive by killing the living.
You are immune to poison.
You have sharp fingernails.
Your flesh is cold resistant. (rC+)
You are immune to negative energy. (rN+++)
You do not regenerate when monsters are visible.
You are immune to unholy pain and torment.
You can survive without breathing.


Message History

The boulder beetle is lightly wounded.
The boulder beetle leaps!
There is a stone staircase leading up here.
You climb upwards.
There is a stone staircase leading down here.
You start resting.
HP restored.
You climb downwards.
There is a stone staircase leading up here.
The boulder beetle curls into a ball and begins rolling!
The boulder beetle hits you!!!
Ouch! That really hurt!
The boulder beetle stops rolling and uncurls.
You hit the boulder beetle but do no damage.
The boulder beetle bites you!
* * * LOW HITPOINT WARNING * * *
The boulder beetle curls into a ball and begins rolling!
There is a stone staircase leading up here.
The boulder beetle hits you!!!
You die...

..........#######.....<..........
#######...# #................
#######...# #....>...........
..........#######................
...............^..............)##
...................°.###########E
########..........○..# ###
########..)......B...##########..
................@.............>..
..#############################..
..## ### ...# #E ...# ## ...#
_.## ..# ###


You could see a boulder beetle.

Vanquished Creatures
  A two-headed ogre (D:8)
  Pikel (D:8)
  Maggie (D:9)
  Prince Ribbit (D:7)
  A wyvern (D:8)
  The ghost of Sassenached the Grave Robber, an amateur DsWn (D:4)
  Menkaure (D:7)
  2 ice beasts (D:5)
  5 sky beasts
  2 orc warriors
  2 black bears
  A necrophage (D:8)
  2 ogres
  2 centaurs (D:6)
  6 bullfrogs
  A gnoll sergeant (D:7)
  A wyvern skeleton (D:4)
  3 scorpions
  A wight (D:10)
  A howler monkey (D:5)
  5 hounds
  2 jellies
  2 orc priests (D:4)
  An iguana (D:8)
  4 orc wizards
  Jessica (D:2)
  7 worker ants
  2 hound zombies
  A worker ant zombie (D:5)
  3 gnolls (D:7)
  A howler monkey skeleton (D:4)
  14 adders
  7 river rats
  4 shadow imps
  2 white imps (D:7)
  3 ufetubi
  2 oozes (Sewer)
  2 adder skeletons
  3 worms
  11 leopard geckos
  27 orcs
  8 bats
  9 giant cockroaches
  8 hobgoblins
  6 jackals (D:1)
  27 kobolds
  5 quokkas
  10 ball pythons
  7 frilled lizards
  7 goblins
  A jackal skeleton (D:4)
  A quokka skeleton (D:4)
  33 rats
262 creatures vanquished.

Vanquished Creatures (others)
  A human (D:9)
  A plant (D:1)
2 creatures vanquished.

Grand Total: 264 creatures vanquished

Notes
Turn   | Place    | Note
-------+----------+-------------------------------------------
     0 | D:1      | Borgoz the Ghoul Gladiator began the quest for the Orb.
     0 | D:1      | Reached XP level 1. HP: 17/17 MP: 0/0
   188 | D:1      | Reached XP level 2. HP: 23/25 MP: 1/1
   268 | D:1      | Reached skill level 3 in Long Blades
   584 | D:1      | Reached XP level 3. HP: 16/30 MP: 2/2
  1356 | D:2      | Reached skill level 1 in Armour
  1664 | D:2      | Noticed Jessica
  1673 | D:2      | Killed Jessica
  1674 | D:2      | Reached XP level 4. HP: 37/37 MP: 3/3
  2192 | D:3      | Reached XP level 5. HP: 40/45 MP: 4/4
  2227 | D:3      | Found a blossoming altar of Fedhas.
  2236 | D:3      | Noticed a black bear
  2248 | D:3      | Killed a black bear
  2249 | D:3      | Reached skill level 4 in Long Blades
  2334 | D:3      | Reached XP level 6. HP: 51/51 MP: 5/5
  3006 | D:4      | Found a glowing drain.
  3043 | Sewer    | Entered a sewer
  3612 | D:4      | Reached XP level 7. HP: 49/58 MP: 6/6
  3691 | D:4      | Reached skill level 5 in Long Blades
  4361 | D:4      | Found a transporter.
  4361 | D:4      | Noticed Sassenached's ghost (amateur DsWn)
  4362 | D:4      | Found a transporter.
  4459 | D:4      | Found Latanozew's Antique Weapon Boutique.
  4498 | D:5      | Entered Level 5 of the Dungeon
  4545 | D:5      | Reached XP level 8. HP: 65/67 MP: 7/7
  4715 | D:5      | Reached skill level 6 in Long Blades
  4807 | D:5      | Reached skill level 5 in Fighting
  4807 | D:5      | Reached skill level 1 in Shields
  4976 | D:5      | Reached skill level 5 in Dodging
  5097 | D:5      | You fall into a shaft and drop 3 floors!
  5112 | D:8      | Noticed Pikel
  5127 | D:8      | Killed Pikel
  5128 | D:8      | Reached XP level 9. HP: 66/74 MP: 8/8
  5394 | D:7      | Noticed Prince Ribbit
  5734 | D:7      | Noticed Menkaure
  5743 | D:7      | Killed Menkaure
  5744 | D:7      | Reached skill level 5 in Armour
  6118 | D:6      | Reached skill level 7 in Long Blades
  6788 | D:4      | Killed Sassenached's ghost
  6990 | D:6      | Found Toix's Magic Scroll Boutique.
  6994 | D:6      | Bought a scroll of magic mapping for 45 gold pieces
  7390 | D:6      | Reached XP level 10. HP: 70/83 MP: 9/9
  8023 | D:7      | Found a staircase to the Ecumenical Temple.
  8037 | Temple   | Entered the Ecumenical Temple
  8341 | Temple   | Became a worshipper of Makhleb the Destroyer
  8711 | D:7      | Killed Prince Ribbit
  8976 | D:8      | Noticed a two-headed ogre
  8988 | D:8      | Killed a two-headed ogre
  9214 | D:8      | Reached skill level 8 in Long Blades
  9297 | D:8      | Found a glowing silver altar of Zin.
  9844 | D:9      | Found a stormy altar of Qazlal.
  9888 | D:9      | Found an ancient bone altar of Kikubaaqudgha.
  9921 | D:9      | Found a staircase to the Lair.
  9970 | D:9      | Found a hazy altar of Hepliaklqana.
  9971 | D:9      | Found a basalt altar of Yredelemnul.
 10073 | D:9      | Noticed Maggie
 10086 | D:9      | Killed Maggie
 10106 | D:9      | Found a hide-covered altar of Uskayaw.
 10410 | D:10     | Entered Level 10 of the Dungeon
 10582 | D:10     | Noticed a boulder beetle
 10919 | D:10     | Reached * piety under Makhleb
 10922 | D:10     | Noticed Nergalle
 11477 | D:9      | Demolished by a boulder beetle

Illustrated notes

Levels and vault maps discovered:
D:1:      lightli_arrival_noodles, layout_basic, serial_bayou,
          serial_bayou_ford_a, serial_bayou_pond_a, serial_bayou_lake_a,
          serial_bayou_shore_a, serial_bayou_shore_b, st_stairs_1,
          kennysheep_decorative_pillar
D:2:      layout_basic, uniq_jessica
D:3:      layout_loops_ring, fedhas_altar_1
D:4:      layout_loops_ring, portal_sewer_entry_c, gammafunk_ghost_mausoleum,
          serial_shops, shop
D:5:      black_bear_nest_1, layout_basic
D:6:      hangedman_cross_stitches, layout_loops_cross, serial_shops, shop
D:7:      layout_basic, minmay_temple_entry_drinking_statues,
          uniq_prince_ribbit1, uniq_menkaure
D:8:      layout_gridville, kennysheep_mini_moat, uniq_pikel
D:9:      layout_long_grid, nicolae_qazlal_style_of_elements,
          grunt_temple_overflow_open, marbit_many_paths, lair_entry_dummy,
          tgw_kikubaaqudgha, uniq_maggie
D:10:     layout_long_grid, minmay_misc_feat_alley,
          minmay_hollow_rounded_squares, uniq_maurice, uniq_nergalle
Temple:   minmay_temple_bridge_d

Skill      XL: |  1  2  3  4  5  6  7  8  9 10 |
---------------+-------------------------------+-----
Long Blades    | 3 4 5 6 7 8 |  8.2
Dodging        | 3 4 5 6 7 |  7.4
Armour         | 1 2 3 4 5 6 |  6.8
Fighting       | 3 4 5 6 |  6.7
Shields        | 1 3 |  3.8
Throwing       | |  1.7

Action                   |  1- 3 |  4- 6 |  7- 9 | 10-12 || total
-------------------------+-------+-------+-------+-------++-------
Melee: Long sword        |   134 |   236 |   394 |   223 ||   987
Throw: Throwing net      |       |     1 |     2 |     2 ||     5
Evoke: Wand              |       |       |     6 |     6 ||    12
  Use: Scroll            |     8 |     9 |    10 |     3 ||    30
       Potion            |       |       |     4 |       ||     4
 Stab: Held in net/web   |       |       |     1 |       ||     1
       Distracted        |       |       |       |     1 ||     1
       Sleeping          |       |       |       |     1 ||     1
Armor: Leather armour    |    29 |       |       |       ||    29
       Ring mail         |    27 |   107 |   140 |    71 ||   345
Dodge: Dodged            |   139 |   203 |   223 |   188 ||   753
Block: Buckler           |       |       |    50 |    53 ||   103
       Rpst.: Long sword |    38 |    65 |    57 |    53 ||   213
